 Dungeon Crawl Stone Soup version 0.28-a0-1389-gc726bef33b (webtiles) character file.

Game seed: 10343278651356258471

105 thegreatkingdan the Shield-Bearer (level 4, -8/29 HPs)
             Began as a Gargoyle Fighter on Jan 3, 2022.
             Was a Believer of Qazlal.
             Killed from afar by Ijyb (15 damage)
             ... with a bolt of acid
             ... on level 3 of the Dungeon.
             The game lasted 00:12:09 (2316 turns).

thegreatkingdan the Shield-Bearer (GrFi)            Turns: 2316, Time: 00:12:10

Health: -8/29      AC: 10    Str: 22    XL:     4   Next: 83%
Magic:  4/4        EV:  9    Int:  8    God:    Qazlal [**....]
Gold:   79         SH:  7    Dex:  9    Spells: 3/3 levels left

rFire   . . .      SeeInvis .   a - +0 flail
rCold   . . .      Faith    .   c - +0 buckler
rNeg    + . .      Spirit   .   b - +0 scale mail
rPois   ∞          Reflect  .   (no helmet)
rElec   +          Harm     .   (no cloak)
rCorr   .          Rampage  .   (no gloves)
Will    .....                   (no boots)
Stlth   ..........              (no amulet)
HPRegen 0.09/turn               (no ring)
MPRegen 0.09/turn               (no ring)

@: mighty
A: sickness immunity, AC +3, negative energy resistance 1, electricity
resistance, torment resistance 1, petrification resistance
a: Renounce Religion, Upheaval


You were on level 3 of the Dungeon.
You worshipped Qazlal.
Qazlal was pleased with you.
You visited 1 branch of the dungeon, and saw 3 of its levels.

You collected 79 gold pieces.

Inventory:

Hand Weapons
 a - a +0 flail (weapon)
 f - a +2 dagger of venom
Missiles
 j - 2 boomerangs (quivered)
Armour
 b - a +0 scale mail (worn)
 c - a +0 buckler (worn)
Jewellery
 m - a ring of protection from cold
Scrolls
 e - 3 scrolls of identify {unknown}
 l - a scroll of vulnerability {unknown}
 n - a scroll of enchant armour {unknown}
Potions
 g - a potion of haste {unknown}
 h - a potion of magic {unknown}
 i - a potion of mutation {unknown}
 k - a potion of brilliance {unknown}


   Skills:
 + Level 3.8 Fighting
 + Level 3.5 Maces & Flails
 + Level 3.8 Armour
 + Level 0.2 Dodging
 - Level 0.1 Stealth
 + Level 3.9 Shields


You had 3 spell levels left.
You didn't know any spells.
Your spell library was empty.

Dungeon Overview and Level Annotations

Branches:
Dungeon (3/15)

Altars:
Qazlal

Annotations:
D:3 Ijyb


Innate Abilities, Weirdness & Mutations

You are immune to sickness and miasma.
Your stone body is resilient. (AC +3)
You are immune to poison.
You resist negative energy. (rN+)
You are resistant to electric shocks. (rElec)
You are resistant to unholy torment.
You are immune to petrification.


Message History

Ouch! That really hurt!
The acid corrodes you! The dart slug launches a dart at you.
The slug dart misses you.
You are too injured to fight recklessly!
You barely miss the dart slug.
Ijyb drinks a potion.
Ijyb flickers and vanishes!
Deactivating autopickup; reactivate with Ctrl-A.
You sock the dart slug!
The dart slug is almost dead.
The dart slug launches a dart at you. You block the slug dart.
You hear a zap.
A bolt of acid appears from out of thin air!
The bolt of acid hits the dart slug!
The dart slug dies!
The bolt of acid hits you.
* * * LOW HITPOINT WARNING * * *
You feel very mighty all of a sudden. Something hits you but does no damage.
You hit something. Something hits you but does no damage.
You hit something. Something hits you but does no damage.
You hit something. Something hits you but does no damage.
You miss something. Something hits you but does no damage.
You hear a zap.
A bolt of acid appears from out of thin air!
The bolt of acid misses you.
You closely miss something.
You are no longer corroded.
Something hits you.
* * * LOW HITPOINT WARNING * * *
You completely miss something. Something hits you but does no damage.
You closely miss something. Something hits you.
* * * LOW HITPOINT WARNING * * *
You miss something.
You hear a zap.
A bolt of acid appears from out of thin air!
The bolt of acid hits you!
Ouch! That really hurt!
You die...

#..........#### #.#.#
.#
#####..##########.#.#
# #...............#
#....#...........
####.#..####..###
#.#..# . #.#..#
#..°.####.P
#.@........
#.#{.......
#..#.####### #.#..#
#.#..# #.#..# ......
. #... #...


There were no monsters in sight!

Vanquished Creatures
  4 adders
  2 worms (D:2)
  A dart slug (D:3)
  6 endoplasms
  4 giant cockroaches
  4 goblins
  7 hobgoblins
  2 jackals (D:2)
  6 kobolds
  3 quokkas
  A ball python (D:2)
  6 bats
  6 frilled lizards
  6 rats
58 creatures vanquished.

Vanquished Creatures (others)
  A dart slug (D:3)
1 creature vanquished.

Grand Total: 59 creatures vanquished

Notes
Turn   | Place    | Note
-------+----------+-------------------------------------------
     0 | D:1      | thegreatkingdan the Gargoyle Fighter began the quest for
                  | the Orb.
     0 | D:1      | Reached XP level 1. HP: 14/14 MP: 1/1
   451 | D:1      | Reached XP level 2. HP: 19/19 MP: 2/2
   963 | D:1      | Reached XP level 3. HP: 24/24 MP: 3/3
  1184 | D:1      | Found a faded altar of an unknown god.
  1206 | D:1      | Prayed at the altar of an unknown god.
  1206 | D:1      | Became a worshipper of Qazlal Stormbringer
  1206 | D:1      | Reached * piety under Qazlal
  1560 | D:2      | Reached XP level 4. HP: 24/29 MP: 4/4
  1959 | D:2      | Reached ** piety under Qazlal
  2299 | D:3      | Noticed Ijyb
  2316 | D:3      | Killed from afar by Ijyb

Illustrated notes

Levels and vault maps discovered:
D:1:      lightli_arrival_statuegarden, layout_loops_corners,
          hellmonk_ecumenical_altar_pennies_from_heaven
D:2:      minmay_diamond_boxcup, layout_basic
D:3:      corexii_shack_village, layout_loops_ring, uniq_ijyb

Skill      XL: |  1  2  3  4 |
---------------+-------------+-----
Maces & Flails | 3 |  3.5
Fighting       | |  3.8
Armour         | |  3.8
Dodging        | |  0.2
Stealth        | |  0.1
Shields        | |  3.9

Action                   |  1- 3 |  4- 6 || total
-------------------------+-------+-------++-------
Melee: Flail             |   121 |    72 ||   193
  Use: Potion            |       |     1 ||     1
Armor: Scale mail        |    59 |    33 ||    92
Dodge: Dodged            |    53 |    35 ||    88
Block: Buckler           |    31 |    20 ||    51

Table legend: (Time is in decaauts)
 A = Elapsed time spent in this place.
 B = Non-inter-level travel time spent in this place.
 C = Inter-level travel time spent in this place.
 D = Time resting spent in this place.
 E = Time spent auto-exploring this place.
 F = Levels seen in this place.
 G = Mean time per level.
                   A        B        C        D        E       F      G
               +--------+--------+--------+--------+--------+-----+--------+
         Total |   2372 |   2371 |      1 |    163 |   1509 |   3 |  790.7 |
       Dungeon |   2372 |   2371 |      1 |    163 |   1509 |   3 |  790.7 |
               +--------+--------+--------+--------+--------+-----+--------+

Top non-repeatable levels by time:
     D:1: 1368 daAuts
     D:2: 902 daAuts
     D:3: 102 daAuts
